 Dungeon Sprint DCSS version 0.15-a0-1909-gd9acbb9 (webtiles) character file.

7050 BluebellGnoll the Spry (level 10, 55/55 HPs)
             Began as a Spriggan Enchanter on July 6, 2014.
             Was a High Priest of Okawaru.
             Quit the game in the Dungeon (Sprint I: "Red Sonja").
             The game lasted 00:22:43 (1599 turns).

BluebellGnoll the Spry (Spriggan Enchanter)         Turns: 1599, Time: 00:22:43

HP  55/55        AC  4     Str  4      XL: 10   Next: 83%
MP  31/33        EV 34     Int 19      God: Okawaru [*****.]
Gold 417         SH  0     Dex 18      Spells:  6 memorised, 19 levels left

rFire  . . .     SeeInvis +     t - +3 quick blade
rCold  . . .     Clarity  .     s - +2 robe {MR+}
rNeg   . . .     rCorr    +     (shield restricted)
rPois  .         rRot     .     (helmet restricted)
rElec  .         Spirit   .     (no cloak)
SustAb .         Warding  .     (gloves unavailable)
rMut   .         NoTele   +     (boots unavailable)
Gourm  .                        c - amulet of resist corrosion
MR     ++...                    (no ring)
                                (no ring)

@: very quick, very resistant to hostile enchantments, extremely stealthy
A: unfitting armour, see invisible, deterioration 2, herbivore 3, speed 3,
screaming 1, slow healing 1, slow metabolism 2
a: Heroism, Finesse, Renounce Religion


You were in the Dungeon.
You worshipped Okawaru.
Okawaru was extremely pleased with you.
You were not hungry.

You visited 1 branch You collected 1152 gold pieces.
You spent 735 gold pieces at shops.

Inventory:

Hand weapons
 a - a +1 dagger
 k - a +0 blowgun
 l - a +0 short sword of venom
 t - a +3 quick blade (weapon)
Missiles
 b - 7 needles of paralysis
 m - 4 curare-tipped needles
 u - 7 needles of slowing
Armour
 s - a +2 robe of magic resistance (worn)
Comestibles
 p - a royal jelly
Scrolls
 j - a scroll of blinking
 n - a scroll of fear {unknown}
 w - a scroll of remove curse
Jewellery
 c - an amulet of resist corrosion (around neck)
 v - an uncursed amulet of resist mutation
Potions
 d - a potion of porridge
 e - 2 potions of curing
 f - a potion of heal wounds
 g - a potion of agility
 h - 2 potions of magic
 i - a potion of brilliance
 o - a potion of paralysis {unknown}
 q - a potion of berserk rage


   Skills:
 - Level 7.2 Fighting
 - Level 14.7 Short Blades
 - Level 18.1 Dodging
 - Level 16.2 Stealth
 + Level 12.6 Spellcasting
 - Level 6.5 Hexes


You had 19 spell levels left.
You knew the following spells:

 Your Spells              Type           Power        Failure   Level  Hunger
a - Corona                Hex            #####..      1%          1    None
b - Ensorcelled Hibernat  Hex/Ice        ###...       2%          2    None
c - Confuse               Hex            #####...     1%          3    None
d - Sure Blade            Hex/Chrm       ###.......   2%          2    None
e - Dazzling Spray        Conj/Hex       ###.....     6%          3    None
f - Enslavement           Hex            #####...     4%          4    #......


Dungeon Overview and Level Annotations

Branches:
Dungeon (1/1)

Altars:
Elyvilon
Gozag
Kikubaaqudgha
Makhleb
Nemelex Xobeh
Okawaru
Qazlal
Sif Muna
Trog
Vehumet
Xom
Yredelemnul
Zin
The Shining One

Shops:
D :(%%}*%!*=%=?%=[(


Innate Abilities, Weirdness & Mutations

You are tiny and cannot use many weapons and most armour.
You have supernaturally acute eyesight.
You are a herbivore.
You cover ground extremely quickly.
You need consume almost no food.
Your body is deteriorating.
You occasionally shout uncontrollably at your foes.
You heal slowly when monsters are visible.


Message History

You slice the giant eyeball like a ripe choko!!!!
You kill the giant eyeball!
Okawaru accepts your kill. The shining eye gazes at you.
Strange energies course through your body.
You feel the urge to shout.
The helpless giant eyeball fails to defend itself.
You spit the giant eyeball like a pig!!!!!
You kill the giant eyeball!
Okawaru accepts your kill.
There is a huge open gate here.
The shining eye gazes at you.
Strange energies course through your body.
You feel yourself wasting away.
There is a huge open gate here.
The shining eye gazes at you.
Strange energies course through your body.
You feel yourself wasting away.
You close the huge gate.
Are you sure you want to abandon this character and quit the game? (Confirm with "yes".)

#..#####'#####'# ####
#..####..#...#.####§§###
#..#__####..##[#§§§§§#..
#..#_..._##'#..+§≈≈.§§§.
#⌠⌠#_.∩...'..._#§§≈§§#..
####_..._##_.#'##'#####§
#_____###'#.#(.%.###§
############.####'###(##
#∩^....@..'...'....:'.∩#
###++++####...##########
#...G...####.###.......#
#........#.#'#.#.......§
#..#.....#.....#...#####
#..G.....#.[(..#..§...§§
#.....#..#######......§#
#..G.....##(.)......§§§#
#..#.....##.[........≈≈#


There were no monsters in sight!

Vanquished Creatures
  2 centaur warriors (D)
  A deep troll (D)
  2 unseen horrors (D)
  An oklob plant (D)
  5 shining eyes (D)
  Sonja (D)
  4 trapdoor spiders (D)
  A yak (D)
  An ogre (D)
  A yellow wasp (D)
  7 necrophages (D)
  Sigmund (D)
  8 jellies (D)
  Ijyb (D)
  5 giant eyeballs (D)
  A giant spore (D)
  2 ballistomycetes (D)
44 creatures vanquished.

Vanquished Creatures (others)
  A gargoyle (D)
  A giant spore (D)
2 creatures vanquished.

Grand Total: 46 creatures vanquished

Notes
Turn   | Place    | Note
--------------------------------------------------------------
     0 | D        | BluebellGnoll, the Spriggan Enchanter, began the quest for the Orb.
     0 | D        | Reached XP level 1. HP: 9/9 MP: 4/4
     1 | D        | Noticed Ijyb
     6 | D        | Noticed an ogre
    12 | D        | Killed an ogre
    12 | D        | Reached skill level 13 in Stealth
    12 | D        | Reached XP level 2. HP: 13/13 MP: 7/7
    12 | D        | Reached XP level 3. HP: 16/16 MP: 9/9
    12 | D        | Reached XP level 4. HP: 21/21 MP: 12/12
    19 | D        | Killed Ijyb
    19 | D        | Reached skill level 14 in Stealth
    32 | D        | Learned a level 2 spell: Ensorcelled Hibernation
    36 | D        | Learned a level 3 spell: Confuse
    39 | D        | Learned a level 2 spell: Sure Blade
   101 | D        | Noticed Sigmund
   104 | D        | Killed Sigmund
   104 | D        | Reached skill level 5 in Spellcasting
   104 | D        | Reached XP level 5. HP: 24/24 MP: 13/19
   111 | D        | Learned a level 3 spell: Dazzling Spray
   116 | D        | Learned a level 4 spell: Enslavement
   153 | D        | Found a deep blue altar of Sif Muna.
   154 | D        | Noticed a jelly
   155 | D        | Found a radiant altar of Vehumet.
   159 | D        | Killed a jelly
   192 | D        | Found Psimofiu's Weapon Emporium.
   192 | D        | Found a white marble altar of Elyvilon.
   192 | D        | Found a stormy altar of Qazlal.
   192 | D        | Found a burning altar of Makhleb.
   192 | D        | Found a basalt altar of Yredelemnul.
   192 | D        | Found a glowing golden altar of the Shining One.
   192 | D        | Found a sparkling altar of Nemelex Xobeh.
   192 | D        | Found a shimmering altar of Xom.
   192 | D        | Found an opulent altar of Gozag.
   192 | D        | Found an ancient bone altar of Kikubaaqudgha.
   192 | D        | Found a glowing silver altar of Zin.
   192 | D        | Noticed a yak
   193 | D        | Found an iron altar of Okawaru.
   194 | D        | Killed a yak
   194 | D        | Reached XP level 6. HP: 28/28 MP: 21/21
   195 | D        | Found a bloodstained altar of Trog.
   198 | D        | Became a worshipper of Warmaster Okawaru
   232 | D        | Noticed Sonja
   237 | D        | Killed Sonja
   237 | D        | Acquired Okawaru's first power
   237 | D        | Reached skill level 10 in Dodging
   237 | D        | Reached XP level 7. HP: 32/32 MP: 19/23
   252 | D        | Found Qepsehiv's Book Boutique.
   309 | D        | Killed a gargoyle
   405 | D        | Noticed a deep troll
   424 | D        | Killed a deep troll
   424 | D        | Reached XP level 8. HP: 36/36 MP: 19/24
   471 | D        | Noticed a centaur warrior
   471 | D        | Noticed a centaur warrior
   483 | D        | Killed a centaur warrior
   483 | D        | Reached skill level 15 in Dodging
   485 | D        | Killed a centaur warrior
   485 | D        | Reached skill level 16 in Dodging
   485 | D        | Reached XP level 9. HP: 33/39 MP: 14/25
   555 | D        | Found Stoy's Armour Emporium.
   560 | D        | Bought a +2 robe of magic resistance for 230 gold pieces
   579 | D        | Noticed a yellow wasp
   582 | D        | Killed a yellow wasp
   596 | D        | Noticed an oklob plant
   598 | D        | Killed an oklob plant
   598 | D        | Reached skill level 17 in Dodging
   605 | D        | Noticed a trapdoor spider
   611 | D        | Killed a trapdoor spider
   618 | D        | Noticed a trapdoor spider
   633 | D        | Killed a trapdoor spider
   650 | D        | Noticed a trapdoor spider
   669 | D        | Killed a trapdoor spider
   669 | D        | Reached skill level 18 in Dodging
   677 | D        | Noticed a trapdoor spider
   714 | D        | Killed a trapdoor spider
   781 | D        | Noticed an unseen horror
   784 | D        | Noticed an unseen horror
   789 | D        | Killed an unseen horror
   789 | D        | Reached skill level 5 in Fighting
   794 | D        | Killed an unseen horror
   794 | D        | Acquired Okawaru's second power
   794 | D        | Reached XP level 10. HP: 46/55 MP: 23/27
   848 | D        | Noticed a jelly
   848 | D        | Noticed a jelly
   848 | D        | Noticed a jelly
   848 | D        | Noticed a jelly
   848 | D        | Noticed a jelly
   848 | D        | Noticed a jelly
   848 | D        | Noticed a jelly
   850 | D        | Noticed a necrophage
   851 | D        | Noticed a necrophage
   851 | D        | Noticed a necrophage
   852 | D        | Killed a jelly
   853 | D        | Noticed a necrophage
   853 | D        | Noticed a necrophage
   853 | D        | Noticed a necrophage
   869 | D        | Killed a jelly
   913 | D        | Killed a jelly
   939 | D        | Killed a jelly
   987 | D        | Killed a jelly
  1042 | D        | Killed a jelly
  1043 | D        | Noticed a necrophage
  1044 | D        | Killed a jelly
  1044 | D        | Received a gift from Okawaru
  1044 | D        | Reached skill level 15 in Stealth
  1062 | D        | Killed a necrophage
  1067 | D        | Killed a necrophage
  1103 | D        | Killed a necrophage
  1195 | D        | Killed a necrophage
  1299 | D        | Found Laaplaf's Food Shoppe.
  1300 | D        | Found Pneumn's Food Boutique.
  1300 | D        | Found Poiqyi's Gadget Boutique.
  1304 | D        | Killed a necrophage
  1307 | D        | Found Jeigi's Food Shop.
  1323 | D        | Killed a necrophage
  1342 | D        | Killed a necrophage
  1363 | D        | Found Jocai's Jewellery Emporium.
  1474 | D        | Found Shedoe's Assorted Antiques.
  1474 | D        | Found Piysi's Food Shop.
  1474 | D        | Found Suorymod's Distillery.
  1474 | D        | Found Khalit's Assorted Antiques.
  1474 | D        | Found Nutoor's Jewellery Emporium.
  1474 | D        | Found Cufoluom's Food Shop.
  1474 | D        | Found Jeeforat's Jewellery Shoppe.
  1474 | D        | Found Setsid's Magic Scroll Boutique.
  1477 | D        | Found Smemotz's Antique Weapon Emporium.
  1485 | D        | Bought an uncursed amulet of resist mutation for 440 gold pieces
  1489 | D        | Bought a scroll of remove curse for 30 gold pieces
  1489 | D        | Bought a scroll of identify for 20 gold pieces
  1504 | D        | Bought a slice of pizza for 15 gold pieces
  1564 | D        | Noticed a shining eye
  1564 | D        | Noticed a shining eye
  1565 | D        | Noticed a shining eye
  1565 | D        | Noticed a shining eye
  1565 | D        | Noticed a shining eye
  1565 | D        | Noticed a shining eye
  1566 | D        | Noticed a shining eye
  1567 | D        | Killed a shining eye
  1570 | D        | Noticed a shining eye
  1571 | D        | Killed a shining eye
  1574 | D        | Killed a shining eye
  1574 | D        | Reached skill level 10 in Spellcasting
  1578 | D        | Killed a shining eye
  1584 | D        | Killed a shining eye
  1585 | D        | Gained mutation: You heal slowly when monsters are visible. [a shining eye]
  1589 | D        | Gained mutation: You occasionally shout uncontrollably at your foes. [a shining eye]
  1595 | D        | Gained mutation: Your body is slowly deteriorating. [a shining eye]
  1597 | D        | Gained mutation: Your body is deteriorating. [a shining eye]
  1599 | D        | Quit the game

Action                   |  1- 3 |  4- 6 |  7- 9 | 10-12 || total
-------------------------+-------+-------+-------+-------++-------
Melee: Dagger            |     5 |    11 |    27 |       ||    43
       Short sword       |       |       |    33 |    20 ||    53
       Quick blade       |       |       |       |     9 ||     9
 Fire: Blowgun           |       |       |     4 |       ||     4
 Cast: Dazzling Spray    |       |     1 |     3 |       ||     4
       Confuse           |       |       |    11 |    22 ||    33
       Ensorcelled Hiber |       |       |     2 |    11 ||    13
       Sure Blade        |       |       |     2 |       ||     2
  Use: Potion            |     1 |     1 |     1 |       ||     3
       Scroll            |       |       |       |     2 ||     2
 Stab: Sleeping          |       |     3 |     3 |    18 ||    24
       Invisible         |       |     1 |       |       ||     1
       Confused          |       |       |     9 |     6 ||    15
  Eat: Pizza             |       |       |       |     1 ||     1
